 Dungeon Crawl Stone Soup version 0.23.2-1-ga50397a6bc (webtiles) character file.

Game seed: 18256286220278778894

92 Masnef the Charmwright (level 4, 0/38 HPs)
             Began as a Gnoll Skald on May 11, 2019.
             Slain by an orc
             ... wielding a +0 trident of freezing
              (2 damage)
             ... while paralysed by Grinder
             ... on level 3 of the Dungeon.
             The game lasted 00:02:57 (1617 turns).

Masnef the Charmwright (Gnoll Skald)                Turns: 1617, Time: 00:02:58

Health: 0/38       AC:  3    Str: 14    XL:     4   Next: 60%
Magic:  7/11       EV:  2    Int: 16    God:
Gold:   67         SH:  0    Dex: 14    Spells: 5/13 levels left

rFire    . . .     SeeInvis .   a - +0 spear
rCold    . . .     Gourm    .   (no shield)
rNeg     . . .     Faith    .   b - +0 leather armour
rPois    .         Spirit   .   (no helmet)
rElec    .         Reflect  .   (no cloak)
rCorr    .         Harm     .   (no gloves)
MR       .....                  (no boots)
Stlth    +.........             (no amulet)
HPRegen  0.12/turn              (no ring)
MPRegen  0.12/turn              (no ring)

@: paralysed, infused
A: distributed training, fangs 1, strong nose
a: no special abilities


You were on level 3 of the Dungeon.
You were very hungry.

You visited 1 branch of the dungeon, and saw 3 of its levels.

You collected 67 gold pieces.

Inventory:

Hand Weapons
 a - a +0 spear (weapon)
Missiles
 i - 14 poisoned needles
Armour
 b - a +0 leather armour (worn)
Scrolls
 g - 3 scrolls of remove curse
 j - 2 scrolls of magic mapping {unknown}
 m - 3 scrolls of identify
Potions
 c - a potion of curing
 e - a potion of berserk rage {unknown}
 f - a potion of magic {unknown}
 h - 2 potions of heal wounds {unknown}
 k - a potion of haste {unknown}
 l - a potion of invisibility {unknown}
Comestibles
 d - 4 rations


   Skills:
 + Level 4.6 Fighting
 + Level 1.1 Short Blades
 + Level 1.1 Long Blades
 + Level 1.1 Axes
 + Level 1.1 Maces & Flails
 + Level 4.6 Polearms
 + Level 1.1 Staves
 + Level 1.1 Slings
 + Level 1.1 Bows
 + Level 1.1 Crossbows
 + Level 1.1 Throwing
 + Level 2.7 Armour
 + Level 4.6 Dodging
 + Level 1.1 Stealth
 + Level 1.1 Shields
 + Level 1.1 Unarmed Combat
 + Level 5.1 Spellcasting
 + Level 0.9 Conjurations
 + Level 0.9 Hexes
 + Level 5.4 Charms
 + Level 0.9 Summonings
 + Level 0.9 Necromancy
 + Level 0.9 Translocations
 + Level 0.9 Transmutations
 + Level 0.9 Fire Magic
 + Level 0.9 Ice Magic
 + Level 0.9 Air Magic
 + Level 0.9 Earth Magic
 + Level 0.9 Poison Magic
 + Level 1.2 Invocations
 + Level 1.1 Evocations


You had 5 spell levels left.
You knew the following spells:

 Your Spells              Type           Power        Failure   Level  Hunger
a - Infusion              Chrm           ###.         1%          1    None
b - Shroud of Golubria    Chrm/Tloc      ##........   8%          2    #......
c - Song of Slaying       Chrm           ###.....     3%          2    #......
d - Regeneration          Chrm/Necr      ##........   16%         3    ###....

Your spell library contained the following spells:

 Spells                   Type           Power        Failure   Level  Hunger
 Spectral Weapon          Hex/Chrm       ##......     16%         3    ###....


Dungeon Overview and Level Annotations

Branches:
Dungeon (3/15)

Altars:
Ashenzari

Annotations:
D:3 Grinder


Innate Abilities, Weirdness & Mutations

Your experience applies equally to all skills.
You have very sharp teeth.
Your uncanny sense of smell can sniff out nearby items.


Message History

The orc hits you but does no damage.
The orc hits you from afar with a +0 trident of freezing.
Your shroud falls apart!
The orc freezes you.
Grinder blinks!
An orc comes into view. It is wielding a +0 dagger.
The orc wizard hits you with a +0 dagger.
The orc barely misses you.
The orc hits you from afar with a +0 trident of freezing.
The orc freezes you.
The orc wizard casts a spell.
The orc wizard blinks!
The orc hits you.
Grinder blinks!
The orc barely misses you.
The orc wizard gestures at you while chanting.
The magic dart hits you.
* * * LOW HITPOINT WARNING * * *
The orc hits you but does no damage.
Grinder blinks!
The orc hits you from afar with a +0 trident of freezing!
* * * LOW HITPOINT WARNING * * *
The orc freezes you.
You die...

∆
######§#.5
∆
#.@§(....o
#.#o......
#<#o##§###
#.#S# #
#.#o#
#.#o#
(.... ∆
..... ###


You could see Grinder, an orc wizard, an adder and 4 orcs.

Vanquished Creatures
  2 orc wizards (D:2)
  An adder (D:2)
  A dart slug (D:1)
  2 leopard geckos
  6 bats
  A giant cockroach (D:1)
  2 hobgoblins
  2 jackals (D:2)
  5 kobolds
  2 ball pythons (D:1)
  A frilled lizard (D:2)
  3 goblins (D:1)
  5 rats
33 creatures vanquished.

Notes
Turn   | Place    | Note
-------+----------+-------------------------------------------
     0 | D:1      | Masnef the Gnoll Skald began the quest for the Orb.
     0 | D:1      | Reached XP level 1. HP: 20/20 MP: 6/6
   116 | D:1      | Reached XP level 2. HP: 25/26 MP: 7/7
   126 | D:1      | Learned a level 2 spell: Shroud of Golubria
   129 | D:1      | Learned a level 2 spell: Song of Slaying
   510 | D:1      | Reached XP level 3. HP: 24/31 MP: 9/9
   859 | D:2      | Reached skill level 5 in Spellcasting
   967 | D:2      | Found a shattered altar of Ashenzari.
  1079 | D:2      | Reached skill level 1 in Invocations
  1279 | D:2      | Reached skill level 1 in Short Blades
  1279 | D:2      | Reached skill level 1 in Long Blades
  1279 | D:2      | Reached skill level 1 in Axes
  1279 | D:2      | Reached skill level 1 in Maces & Flails
  1279 | D:2      | Reached skill level 1 in Staves
  1279 | D:2      | Reached skill level 1 in Slings
  1279 | D:2      | Reached skill level 1 in Bows
  1279 | D:2      | Reached skill level 1 in Crossbows
  1279 | D:2      | Reached skill level 1 in Throwing
  1279 | D:2      | Reached skill level 1 in Stealth
  1279 | D:2      | Reached skill level 1 in Shields
  1279 | D:2      | Reached skill level 1 in Unarmed Combat
  1279 | D:2      | Reached skill level 1 in Evocations
  1279 | D:2      | Reached XP level 4. HP: 31/38 MP: 4/11
  1283 | D:2      | Noticed an orc warrior
  1541 | D:1      | Learned a level 3 spell: Regeneration
  1602 | D:3      | Noticed Grinder
  1610 | D:3      | Paralysed by Grinder for 7 turns
  1617 | D:3      | Slain by an orc

Skill      XL: |  1  2  3 |
---------------+----------+-----
Spellcasting   | 5 |  5.1
Invocations    | 1 |  1.2
Short Blades   | 1 |  1.1
Long Blades    | 1 |  1.1
Axes           | 1 |  1.1
Maces & Flails | 1 |  1.1
Staves         | 1 |  1.1
Slings         | 1 |  1.1
Bows           | 1 |  1.1
Crossbows      | 1 |  1.1
Throwing       | 1 |  1.1
Stealth        | 1 |  1.1
Shields        | 1 |  1.1
Unarmed Combat | 1 |  1.1
Evocations     | 1 |  1.1
Fighting       | |  4.6
Polearms       | |  4.6
Armour         | |  2.7
Dodging        | |  4.6
Conjurations   | |  0.9
Hexes          | |  0.9
Charms         | |  5.4
Summonings     | |  0.9
Necromancy     | |  0.9
Translocations | |  0.9
Transmutations | |  0.9
Fire Magic     | |  0.9
Ice Magic      | |  0.9
Air Magic      | |  0.9
Earth Magic    | |  0.9
Poison Magic   | |  0.9

Action                   |  1- 3 |  4- 6 || total
-------------------------+-------+-------++-------
Melee: Spear             |   119 |    15 ||   134
       Bite              |    14 |     1 ||    15
 Cast: Shroud of Golubri |     1 |     1 ||     2
       Infusion          |     1 |     1 ||     2
  Use: Scroll            |     2 |       ||     2
 Stab: Sleeping          |     1 |       ||     1
  Eat: Chunk             |     1 |       ||     1
Armor: Leather armour    |    33 |     5 ||    38
Dodge: Dodged            |    72 |    11 ||    83
